 Dungeon Sprint DCSS version 0.25.1-4-g9407a263a5 (webtiles) character file.

Game seed: 14822791755315234932

41673 Atelerd the Hoplite (level 14, 0/112 HPs)
             Began as an Octopode Fighter on Nov 26, 2020.
             Was the Champion of Okawaru.
             Slain by a greater mummy (25 damage)
             ... in the Dungeon (Sprint V: "Ziggurat Sprint").
             The game lasted 00:11:01 (1244 turns).

Atelerd the Hoplite (Octopode Fighter)              Turns: 1244, Time: 00:11:02

Health: 0/112      AC:  1    Str: 46    XL:     14   Next: 16%
Magic:  4/21       EV: 19    Int: 11    God:    Okawaru [******]
Gold:   0          SH: 42    Dex: 14    Spells: 10/16 levels left

rFire    . . .     SeeInvis +   H - +7 Screaming Sword {vorpal, sonic wave}
rCold    . . .     Gourm    .   G - +18 shield of the Gong {rElec rN+ MR+ EV-5}
rNeg     + + +     Faith    .   (helmet restricted)
rPois    +         Spirit   .   T - amulet "Qimaneics" {Reflect Slay+2 SH+5 SInv}
rElec    +         Reflect  +   Q - +6 ring of strength
rCorr    .         Harm     .   b - ring of Day {+Blink rPois rN+ Stlth+}
MR       +++..     NoTele   +   B - +6 ring of strength
Stlth    +++.......             C - +6 ring of strength
HPRegen  0.28/turn              O - ring "Veuchull" {rPois Str+4 SInv}
MPRegen  0.17/turn              R - ring "Ogile" {*Corrode rN+++ Str-2 Dex+3 SInv}
                                U - ring of Hotoul {+Inv MR+}
                                W - +6 ring of strength

@: lethally poisoned (0 -> -1), finesse, very slightly contaminated, hasted and
slowed
A: almost no armour, stealthy swim, amphibious, 8 rings, constrict 8, camouflage
1, gelatinous body 1
a: Heroism, Finesse, Renounce Religion, Evoke Blink, Evoke Invisibility


You were in the Dungeon.
You worshipped Okawaru.
Okawaru was exalted by your worship.
You were not hungry.

You visited 1 branch

Inventory:

Hand Weapons
 a - a +0 long sword
 n - the +6 great sword of Ryshetit {vorpal, rElec MR+ MP+9}
   (You found it in the Dungeon)

   It inflicts extra damage upon your enemies.
   It insulates you from electricity.
   It affects your resistance to hostile enchantments.
   It affects your magic capacity (+9).
 H - the +7 Screaming Sword (weapon) {vorpal, sonic wave}
   (You found it in the Dungeon)

   It inflicts extra damage upon your enemies.
 L - the +8 whip "Snakebite" {curare, rPois}
   (You found it in the Dungeon)

   It poisons the flesh of those it strikes.
   It protects you from poison.
 M - the +9 staff of Olgreb {rPois∞}
   (You found it in the Dungeon)

   It grants immunity to poison.
 V - the +3 long sword of Glory {vamp, rF+}
   (Okawaru gifted it to you in the Dungeon)

   It inflicts no extra harm, but heals its wielder when it wounds a living foe.
   It protects you from fire.
Armour
 G - the +18 shield of the Gong (worn) {rElec rN+ MR+ EV-5}
   (You found it in the Dungeon)

   It affects your evasion (-5).
   It insulates you from electricity.
   It protects you from negative energy.
   It affects your resistance to hostile enchantments.
Jewellery
 b - the ring of Day (right tentacle) {+Blink rPois rN+ Stlth+}
   (You found it in the Dungeon)

   [ring of stealth]

   It protects you from poison.
   It protects you from negative energy.
   It lets you blink.
   It makes you more stealthy.
 w - an uncursed ring of flight
 x - a +6 ring of dexterity
 y - a +6 ring of dexterity
 z - a +6 ring of intelligence
 A - a +6 ring of intelligence
 B - a +6 ring of strength (on tentacle)
 C - a +6 ring of strength (on tentacle)
 I - an uncursed amulet of faith
 J - the amulet of the Air {Inacc +Fly rElec EV+5 RMsl}
   (You found it in the Dungeon)

   [amulet of inaccuracy]

   It reduces the accuracy of all your attacks.
   It affects your evasion (+5).
   It insulates you from electricity.
   It lets you fly.
   It protects you from missiles.
 K - the ring of Ruowuufa {Ice *Drain +Fly rN++ Stlth+}
   (You found it in the Dungeon)

   [ring of ice]

   It enhances your ice magic.
   It makes you vulnerable to fire.
   It protects you from cold.
   It greatly protects you from negative energy.
   It lets you fly.
   It causes draining when unequipped.
   It makes you more stealthy.
 O - the ring "Veuchull" (on tentacle) {rPois Str+4 SInv}
   (You took it off an orc warrior in the Dungeon)

   [ring of poison resistance]

   It affects your strength (+4).
   It protects you from poison.
   It lets you see invisible.
 Q - a +6 ring of strength (left tentacle)
 R - the ring "Ogile" (on tentacle) {*Corrode rN+++ Str-2 Dex+3 SInv}
   (You found it in the Dungeon)

   [ring of see invisible]

   It affects your strength (-2).
   It affects your dexterity (+3).
   It renders you almost immune to negative energy.
   It lets you see invisible.
   It may corrode you when you take damage.
 S - an uncursed ring of positive energy
 T - the amulet "Qimaneics" (around mantle) {Reflect Slay+2 SH+5 SInv}
   (You found it in the Dungeon)

   [amulet of reflection]

   It shields you and reflects attacks.
   It affects your accuracy and damage with ranged weapons and melee attacks
   (+2).
   It lets you see invisible.
   It affects your SH (+5).
 U - the ring of Hotoul (on tentacle) {+Inv MR+}
   (You found it in the Dungeon)

   [ring of protection from magic]

   It affects your resistance to hostile enchantments.
   It lets you turn invisible.
 W - a +6 ring of strength (on tentacle)
 Z - a +6 ring of dexterity
Wands
 D - a wand of disintegration (7)
 E - a wand of iceblast (5)
 F - a wand of acid (6)
Scrolls
 j - 2 scrolls of blinking
 p - 4 scrolls of amnesia
 q - 7 scrolls of fog
 r - a scroll of holy word
 s - 5 scrolls of identify
 t - 5 scrolls of remove curse
 u - 2 scrolls of fear
Potions
 c - 6 potions of might
 e - 9 potions of curing
 f - 4 potions of heal wounds
 g - 5 potions of haste
 h - 7 potions of magic
 i - 2 potions of berserk rage
 k - 2 potions of brilliance
 l - 2 potions of invisibility
 m - 3 potions of resistance
 o - 5 potions of stabbing
Miscellaneous
 v - a lightning rod (4/4)
 N - 2 phantom mirrors
 P - a lightning rod (4/4)
 X - 3 boxes of beasts
Comestibles
 d - 7 rations
 Y - 2 chunks of flesh


   Skills:
 - Level 16.1 Fighting
 - Level 16.0 Long Blades
 - Level 16.1 Dodging
 - Level 21.5 Shields
 * Level 1.7 Spellcasting
 * Level 2.0 Transmutations
 * Level 1.9 Earth Magic
 - Level 10.0 Invocations
 + Level 8.2 Evocations


You had 10 spell levels left.
You knew the following spells:

 Your Spells              Type           Power        Failure   Level  Hunger
a - Statue Form           Tmut/Erth      #........    100%        6    #######

Your spell library contained the following spells:

 Spells                   Type           Power        Failure   Level  Hunger
 Passwall                 Tmut/Erth      #.......     21%         2    ###....
 Animate Skeleton         Necr           N/A          30%         1    ##.....
 Apportation              Tloc           #.....       30%         1    ##.....
 Corona                   Hex            #......      30%         1    ##.....
 Foxfire                  Conj/Fire      #...         30%         1    ##.....
 Summon Small Mammal      Summ           #...         30%         1    ##.....
 Corpse Rot               Necr/Air       N/A          41%         2    ###....
 Ensorcelled Hibernation  Hex/Ice        #.....       41%         2    ###....
 Stone Arrow              Conj/Erth      #.....       52%         3    ####...
 Conjure Flame            Conj/Fire      #.......     65%         3    ####...
 Inner Flame              Hex/Fire       #.......     65%         3    ####...
 Recall                   Summ/Tloc      N/A          65%         3    ####...
 Airstrike                Air            #.........   96%         4    #####..
 Animate Dead             Necr           N/A          96%         4    #####..
 Sticky Flame             Conj/Fire      #.......     96%         4    #####..
 Alistair's Intoxication  Tmut/Pois      #.......     99%         5    ######.
 Borgnjor's Vile Clutch   Necr/Erth      #.........   99%         5    ######.
 Fireball                 Conj/Fire      #.........   100%        5    ######.
 Silence                  Hex/Air        #.........   100%        5    ######.
 Summon Forest            Summ/Tloc      #.........   100%        5    ######.
 Darkness                 Hex            #.........   100%        6    #######
 Death Channel            Necr           #.........   100%        6    #######
 Eringya's Noxious Bog    Tmut/Pois      #.........   100%        6    #######
 Hydra Form               Tmut           #.........   100%        6    #######
 Shadow Creatures         Summ           N/A          100%        6    #######
 Simulacrum               Ice/Necr       #.........   100%        6    #######
 Malign Gateway           Summ/Tloc      #.........   100%        7    #######
 Monstrous Menagerie      Summ           #.........   100%        7    #######
 Summon Greater Demon     Summ           #.........   100%        7    #######
 Summon Hydra             Summ           #.........   100%        7    #######
 Summon Horrible Things   Summ           #.........   100%        8    #######


Dungeon Overview and Level Annotations

Branches:
Dungeon (1/1)

Altars:
Ashenzari
Cheibriados
Dithmenos
Elyvilon
Fedhas
Gozag
Hepliaklqana
Kikubaaqudgha
Makhleb
Nemelex Xobeh
Okawaru
Qazlal
Ru
Sif Muna
Trog
Uskayaw
Vehumet
Wu Jian
Xom
Yredelemnul
Zin
The Shining One
Beogh
Jiyva
Lugonu

Annotations:
D 1 transporter


Innate Abilities, Weirdness & Mutations

You cannot wear most types of armour.
You are very stealthy in the water. (Stealth+)
You are amphibious.
You can wear up to eight rings at the same time.
You can use your tentacles to constrict eight enemies at once.
Your skin changes colour to match your surroundings (Stealth+).
Your rubbery body absorbs attacks. (AC +1, EV +1)


Message History

You can now deal lightning-fast blows.
You feel sick. You block the sixfirhy's attack.
GONNNNG!
You block the sixfirhy's attack.
SHROANNG!
You block the sixfirhy's attack.
PTOANNNG!
The emperor scorpion stings you. The emperor scorpion claws you!
You block the emperor scorpion's attack.
GONNNNG!
The mana viper barely misses you. The shadow wraith misses you.
The ushabti shakes and rattles.
The vile air hits the guardian mummy but does no damage.
The vile air hits the greater mummy but does no damage.
The vile air hits you. The sixfirhy hits you!
* * * LOW HITPOINT WARNING * * *
The sixfirhy shocks you. You resist.
* * * LOW HITPOINT WARNING * * *
The greater mummy hits you!!
You die...

▓.=)=WM)?)[}|.▓.....).....▓..
▓.8○3):|")[)..▓...........▓..
▓...○..)......▓..▓.†.÷.▓..▓..
▓.......8.....▓.▓▓▓...▓▓▓.▓..
▓......○.§....▓..▓.....▓..▓.▓
▓........M☼...▓.....©.....▓..
▓........○3.M.▓▓▓▓▓▓▓▓▓▓▓▓▓▓▓
▓..........MWS▓...8©8...▓...8
▓.........s3@S▓..|[)=)).▓..|)
▓........W.s..▓..).}):..▓..[[
▓.............▓.........▓....
▓......©......▓.........▓...)
▓▓▓▓▓▓▓▓▓▓▓▓▓▓▓...†)....▓...)
▓....)....▓....
▓....(....▓....
▓.▓.....▓.▓.▓..
▓....©....▓....


You could see 2 greater mummies, 2 emperor scorpions, a shadow wraith (summoned,
invisible), a phantasmal warrior (summoned), 2 mana vipers, a guardian mummy, an
ushabti, a sixfirhy (summoned) and a smoke demon (summoned).

Vanquished Creatures
  A bone dragon (D)
  A deep elf blademaster (D)
  An Executioner (D)
  A nagaraja (D)
  3 deep elf sorcerers (D)
  An angel (D)
  2 ghouls (D)
  A vampire knight (D)
  An apis (D)
  3 deep elf annihilators (D)
  5 dancing weapons (D)
  3 thrashing horrors (D)
  A deep elf knight (D)
  A vampire mage (D)
  A sun demon (D)
  A soul eater (D)
  A cherub (D)
  A necromancer (D)
  An orc sorcerer (D)
  An orc knight (D)
  7 deep elf magi (D)
  A guardian serpent (D)
  A naga mage (D)
  3 black mambas (D)
  A spiny frog (D)
  A freezing wraith (D)
  A rime drake (D)
  4 komodo dragons (D)
  6 polar bears (D)
  3 guardian mummies (D)
  3 hippogriffs (D)
  2 blink frogs (D)
  4 yaks (D)
  2 shadows (D)
  An ushabti (D)
  A fire bat (D)
  A chaos spawn (D)
  2 fire elementals (D)
  A neqoxec (D)
  3 nagas (D)
  2 hell hounds (D)
  7 water moccasins (D)
  A small abomination (D)
  3 large abominations (D)
  A porcupine (D)
  3 ice beasts (D)
  An eye of draining (D)
  4 orc warriors (D)
  3 phantoms (D)
  4 necrophages (D)
  2 ogres (D)
  2 wolves (D)
  2 bullfrogs (D)
  4 crimson imps (D)
  A quasit (D)
  An orc priest (D)
  A gnoll shaman (D)
  An iron imp (D)
  2 iguanas (D)
  8 mummies (D)
  2 adders (D)
  2 river rats (D)
  A shadow imp (D)
  3 white imps (D)
  3 adder zombies (D)
  4 adder skeletons (D)
  A bat skeleton (D)
  2 ball pythons (D)
  2 ball python skeletons (D)
  A ball python zombie (D)
  A leopard gecko simulacrum (D)
154 creatures vanquished.

Vanquished Creatures (others)
  A mummy (D)
1 creature vanquished.

Grand Total: 155 creatures vanquished

Notes
Turn   | Place    | Note
-------+----------+-------------------------------------------
     0 | D        | Atelerd the Octopode Fighter began the quest for the Orb.
     0 | D        | Reached XP level 1. HP: 16/16 MP: 1/1
     0 | D        | Found a shimmering blue altar of Sif Muna.
     0 | D        | Found a bloodstained altar of Trog.
     0 | D        | Found a sacrificial altar of Ru.
     0 | D        | Found a stormy altar of Qazlal.
     0 | D        | Found an iron altar of Okawaru.
     2 | D        | Found a sparkling altar of Nemelex Xobeh.
     3 | D        | Found the +6 Majin-Bo {vamp, Archmagi MP+6 Int+6}
     3 | D        | Found the +7 great mace "Firestarter" {inner flame, rF++}
     3 | D        | Found a blossoming altar of Fedhas.
     5 | D        | Found a transporter.
     5 | D        | Found an ancient bone altar of Kikubaaqudgha.
     5 | D        | Found a viscous altar of Jiyva.
     5 | D        | Found a corrupted altar of Lugonu.
     5 | D        | Found a hazy altar of Hepliaklqana.
     5 | D        | Found a burning altar of Makhleb.
     5 | D        | Found an opulent altar of Gozag.
    28 | D        | Became a worshipper of Warmaster Okawaru
    34 | D        | Found the +6 shillelagh "Devastator" {shatter}
    34 | D        | Found the +11 plutonium sword {*Contam Stlth-}
    34 | D        | Found the +8 lance "Wyrmbane" {slay drac, rPois rF+ rC+
                  | AC+3}
    34 | D        | Found the +9 sword of Zonguldrok {reap}
    34 | D        | Found the cursed +13 scythe of Curses {drain, *Curse}
    34 | D        | Found the +0 sword of Power
    34 | D        | Found the +7 mace of Variability {chain chaos}
    34 | D        | Found the +7 Singing Sword {vorpal, sonic wave}
    34 | D        | Found the +8 storm bow {elec, penet}
    35 | D        | Found the +9 heavy crossbow "Sniper" {vorpal, Acc+∞ SInv}
    35 | D        | Found the +10 dark maul {vorpal}
    35 | D        | Found the +15 Maxwell's patent armour {-Cast -Tele rElec
                  | MR+ rCorr}
    35 | D        | Found the +18 shield of the Gong {rElec rN+ MR+ EV-5}
    35 | D        | Found the cursed +14 obsidian axe {vorpal, +Fly SInv
                  | *Curse}
    54 | D        | Reached skill level 5 in Shields
    54 | D        | Reached XP level 2. HP: 23/23 MP: 2/2
    59 | D        | Entered arena 2.
    59 | D        | Noticed a yak
    59 | D        | Noticed a yak
    59 | D        | Found a transporter.
    61 | D        | Killed a yak
    61 | D        | Reached * piety under Okawaru
    61 | D        | Reached skill level 5 in Fighting
    61 | D        | Reached skill level 5 in Long Blades
    61 | D        | Reached skill level 5 in Dodging
    61 | D        | Reached skill level 7 in Shields
    61 | D        | Reached XP level 3. HP: 30/30 MP: 3/3
    61 | D        | Reached XP level 4. HP: 36/36 MP: 4/4
    61 | D        | Reached XP level 5. HP: 41/41 MP: 5/5
    62 | D        | Killed a yak
    62 | D        | Reached ** piety under Okawaru
    62 | D        | Reached skill level 9 in Shields
    62 | D        | Reached XP level 6. HP: 47/47 MP: 6/6
    66 | D        | Got the +6 great sword of Ryshetit {vorpal, rElec MR+ MP+9}
    72 | D        | Entered arena 3.
    72 | D        | Noticed a phantom
    72 | D        | Noticed a phantom
    72 | D        | Found a transporter.
    75 | D        | Killed a phantom
    79 | D        | Killed a phantom
    79 | D        | Reached skill level 10 in Shields
    79 | D        | Reached XP level 7. HP: 54/54 MP: 7/7
    83 | D        | Entered arena 4.
    83 | D        | Found a transporter.
    88 | D        | Reached *** piety under Okawaru
   204 | D        | Entered arena 5.
   204 | D        | Found a transporter.
   208 | D        | Reached skill level 1 in Invocations
   209 | D        | Reached skill level 11 in Shields
   209 | D        | Reached XP level 8. HP: 55/61 MP: 7/9
   225 | D        | Entered arena 6.
   225 | D        | Found a transporter.
   226 | D        | Identified the +6 shortbow of Elakeb {venom, rElec MR++
                  | MP+9 Dex-5}
   232 | D        | Received a gift from Okawaru
   268 | D        | Entered arena 7.
   268 | D        | Noticed a rime drake
   268 | D        | Noticed a polar bear
   268 | D        | Noticed a polar bear
   268 | D        | Noticed a freezing wraith
   269 | D        | Found a transporter.
   272 | D        | Killed a freezing wraith
   272 | D        | Reached skill level 12 in Shields
   274 | D        | Killed a rime drake
   274 | D        | Reached XP level 9. HP: 68/68 MP: 10/12
   277 | D        | Killed a polar bear
   277 | D        | Reached **** piety under Okawaru
   277 | D        | Reached skill level 5 in Invocations
   279 | D        | Killed a polar bear
   365 | D        | Entered arena 8.
   365 | D        | Noticed a polar bear
   365 | D        | Noticed a polar bear
   365 | D        | Noticed a polar bear
   366 | D        | Found a transporter.
   369 | D        | Reached skill level 13 in Shields
   370 | D        | Killed a polar bear
   370 | D        | Reached skill level 10 in Fighting
   370 | D        | Reached skill level 10 in Dodging
   372 | D        | Killed a polar bear
   372 | D        | Reached ***** piety under Okawaru
   373 | D        | Killed a polar bear
   378 | D        | Got the ring of Ruowuufa {Ice *Drain +Fly rN++ Stlth+}
   419 | D        | Entered arena 9.
   420 | D        | Found the +8 whip "Snakebite" {curare, rPois}
   420 | D        | Found a transporter.
   421 | D        | Received a gift from Okawaru
   422 | D        | Reached skill level 10 in Long Blades
   422 | D        | Reached XP level 10. HP: 77/77 MP: 15/15
   434 | D        | Got Tocasal's Volume of the Rocks and Transmigration
   437 | D        | Got the Tome of Black Magic and the Birds
   455 | D        | Entered arena 10.
   455 | D        | Noticed a black mamba
   455 | D        | Noticed a black mamba
   455 | D        | Noticed a black mamba
   456 | D        | Found the amulet of the Air {Inacc +Fly rElec EV+5 RMsl}
   456 | D        | Found a transporter.
   459 | D        | Killed a black mamba
   459 | D        | Reached skill level 14 in Shields
   461 | D        | Killed a black mamba
   469 | D        | Killed a black mamba
   713 | D        | Entered arena 11.
   713 | D        | Noticed a deep elf mage
   713 | D        | Noticed a deep elf annihilator
   713 | D        | Noticed a deep elf mage
   713 | D        | Noticed a +0 hand axe of electrocution
   713 | D        | Noticed a deep elf sorcerer
   713 | D        | Noticed a deep elf mage
   713 | D        | Noticed a +1 vorpal war axe
   713 | D        | Noticed a deep elf knight
   714 | D        | Found the +9 staff of Olgreb {rPois∞}
   722 | D        | Found a transporter.
   723 | D        | Killed a +1 vorpal war axe
   725 | D        | Killed a deep elf mage
   725 | D        | Reached skill level 15 in Shields
   725 | D        | Killed a deep elf mage
   725 | D        | Killed a deep elf mage
   725 | D        | Reached XP level 11. HP: 83/83 MP: 10/18
   725 | D        | Killed a +0 hand axe of electrocution
   728 | D        | Killed a deep elf sorcerer
   728 | D        | Received a gift from Okawaru
   728 | D        | Reached skill level 10 in Invocations
   729 | D        | Killed a deep elf knight
   729 | D        | Reached skill level 16 in Shields
   733 | D        | Killed a deep elf annihilator
   758 | D        | Entered arena 12.
   759 | D        | Identified the ring "Veuchull" {rPois Str+4 SInv}
   759 | D        | Noticed an orc sorcerer
   760 | D        | Noticed an orc knight
   760 | D        | Found a transporter.
   766 | D        | Killed an orc sorcerer
   767 | D        | Killed an orc knight
   793 | D        | Entered arena 13.
   793 | D        | Noticed a cherub
   796 | D        | Noticed an angel
   797 | D        | Noticed an apis
   798 | D        | Found a transporter.
   803 | D        | Killed an angel
   803 | D        | Received a gift from Okawaru
   803 | D        | Reached skill level 17 in Shields
   805 | D        | Killed a cherub
   808 | D        | Killed an apis
   808 | D        | Reached XP level 12. HP: 94/94 MP: 12/19
   848 | D        | Entered arena 14.
   850 | D        | Noticed a nagaraja
   851 | D        | Found a transporter.
   861 | D        | Killed a nagaraja
   861 | D        | Reached skill level 18 in Shields
   871 | D        | Got the ring "Ogile" {*Corrode rN+++ Str-2 Dex+3 SInv}
   879 | D        | Got the amulet "Qimaneics" {Reflect Slay+2 SH+5 SInv}
   910 | D        | Entered arena 15.
   911 | D        | Noticed a deep elf annihilator
   911 | D        | Noticed a deep elf annihilator
   911 | D        | Noticed a +6 short sword of venom
   911 | D        | Noticed a deep elf sorcerer
   912 | D        | Noticed a deep elf blademaster
   914 | D        | Noticed a deep elf sorcerer
   915 | D        | Found a transporter.
   919 | D        | Killed a deep elf annihilator
   921 | D        | Killed a deep elf sorcerer
   921 | D        | Killed a deep elf annihilator
   921 | D        | Received a gift from Okawaru
   921 | D        | Killed a +6 short sword of venom
   927 | D        | Reached skill level 19 in Shields
   934 | D        | Killed a deep elf blademaster
   934 | D        | Reached XP level 13. HP: 75/102 MP: 14/20
   935 | D        | Reached ****** piety under Okawaru
   935 | D        | Received a gift from Okawaru
   936 | D        | Killed a deep elf sorcerer
   940 | D        | Got the ring of Hotoul {+Inv MR+}
   948 | D        | Got an ivory long sword {god gift}
   949 | D        | Identified the +3 long sword of Glory {vamp, rF+} (Okawaru
                  | gifted it to you in the Dungeon)
  1065 | D        | Entered arena 16.
  1066 | D        | Noticed a vampire knight
  1066 | D        | Noticed a ghoul
  1067 | D        | Found the +5 demon whip "Spellbinder" {antimagic, MR+}
  1067 | D        | Identified the amulet "Vukhly Yset" {Acrobat rF+++ MR-
                  | Str+6 Int+3}
  1069 | D        | Noticed a ghoul
  1073 | D        | Reached skill level 1 in Evocations
  1073 | D        | Killed a vampire knight
  1073 | D        | Reached skill level 15 in Fighting
  1073 | D        | Reached skill level 20 in Shields
  1074 | D        | Found a transporter.
  1075 | D        | Reached skill level 15 in Dodging
  1078 | D        | Killed a ghoul
  1080 | D        | Received a gift from Okawaru
  1080 | D        | Reached skill level 15 in Long Blades
  1081 | D        | Killed a ghoul
  1110 | D        | Entered arena 17.
  1123 | D        | Reached skill level 5 in Evocations
  1126 | D        | Found a transporter.
  1142 | D        | Got the ring of Day {+Blink rPois rN+ Stlth+}
  1165 | D        | Entered arena 18.
  1168 | D        | Noticed a bone dragon
  1172 | D        | Noticed an Executioner
  1179 | D        | Killed a bone dragon
  1179 | D        | Received a gift from Okawaru
  1179 | D        | Reached skill level 21 in Shields
  1182 | D        | Killed an Executioner
  1182 | D        | Reached XP level 14. HP: 92/112 MP: 2/21
  1191 | D        | Found a transporter.
  1220 | D        | Learned a level 6 spell: Statue Form
  1222 | D        | Entered arena 19.
  1225 | D        | Noticed a greater mummy
  1227 | D        | Noticed a greater mummy
  1228 | D        | Found a transporter.
  1233 | D        | Reached skill level 1 in Transmutations
  1233 | D        | Reached skill level 1 in Earth Magic
  1233 | D        | Reached skill level 1 in Spellcasting
  1240 | D        | Noticed an emperor scorpion
  1243 | D        | Noticed an emperor scorpion
  1244 | D        | Slain by a greater mummy

Illustrated notes

Levels and vault maps discovered:
D:        sprint_v [room_start, room_1, room_2, room_3, room_4, room_5, room_6,
          room_7, room_8, room_9, room_10, room_11, room_12, room_13, room_14,
          room_15, room_16, room_17, room_18, room_19, room_20, room_21,
          room_22, room_23, room_24, room_25, room_26, room_27]

Skill      XL: |  1  2  3  4  5  6  7  8  9 10 11 12 13 14 |
---------------+-------------------------------------------+-----
Fighting       | 4 5 6 7 8 9 10 11 13 14 16 | 16.1
Long Blades    | 3 5 6 7 8 10 11 12 14 15 16 | 16.0
Dodging        | 4 5 6 7 8 9 10 11 13 14 15 16 | 16.1
Shields        | 5 7 9 10 11 12 13 15 17 19 21 | 21.5
Invocations    | 1 4 7 9 10 | 10.0
Evocations     | 7 8 |  8.2
Transmutations | 2 |  2.0
Earth Magic    | 1 |  1.9
Spellcasting   | 1 |  1.7

Action                   |  1- 3 |  4- 6 |  7- 9 | 10-12 | 13-15 || total
-------------------------+-------+-------+-------+-------+-------++-------
Melee: Double sword      |     1 |     4 |    32 |    60 |    37 ||   134
       Tentacles         |       |     1 |    10 |    19 |    14 ||    44
       Constrict         |       |       |     5 |    13 |     4 ||    22
       Punch             |       |       |       |     3 |       ||     3
Invok: Finesse           |       |       |       |     4 |     4 ||     8
       Heroism           |       |       |       |     4 |     3 ||     7
Evoke: Lightning rod     |       |       |     3 |     1 |       ||     4
       Wand              |       |       |     2 |       |     1 ||     3
  Use: Potion            |     1 |       |       |     8 |     7 ||    16
       Scroll            |       |       |       |     1 |     1 ||     2
  Eat: Chunk             |       |       |       |       |     1 ||     1
Armor: Skin              |       |       |     1 |       |       ||     1
Dodge: Dodged            |       |       |    15 |    17 |     5 ||    37
Block: Kite shield       |     1 |     2 |    49 |    81 |    33 ||   166
       Reflection        |       |       |       |     1 |       ||     1
       Rpst.: Double sword |       |       |     1 |     4 |       ||     5
